 Dungeon Crawl Stone Soup version 0.26-a0-154-g3d63440f56 (webtiles) character file.

Game seed: 15766482482408002136

6 Flugslaktarn the Chiller (level 1, -2/9 HPs)
             Began as a Vine Stalker Ice Elementalist on July 1, 2020.
             Slain by a leopard gecko (3 damage)
             ... on level 1 of the Dungeon.
             The game lasted 00:00:36 (110 turns).

Flugslaktarn the Chiller (VSIE)                      Turns: 110, Time: 00:00:37

Health: -2/9       AC:  2    Str: 10    XL:     1   Next: 90%
Magic:  0/4        EV: 12    Int: 15    God:
Gold:   13         SH:  0    Dex: 14    Spells: 3/4 levels left

rFire    . . .     SeeInvis .   b - +0 whip (holy)
rCold    . . .     Faith    .   (no shield)
rNeg     . . .     Spirit   +   a - +0 robe
rPois    .         Reflect  .   (no helmet)
rElec    .         Harm     .   (no cloak)
rCorr    .                      (no gloves)
MR       .....                  (no boots)
Stlth    ++........             (no amulet)
HPRegen  0.03/turn              (no ring)
MPRegen  0.09/turn              (no ring)

@: no status effects
A: fangs 2, magic shield, antimagic bite, no potion heal 3, rot immunity
a: no special abilities


You were on level 1 of the Dungeon.
You were not hungry.

You visited 1 branch of the dungeon, and saw 1 of its levels.

You collected 13 gold pieces.

Inventory:

Hand Weapons
 b - a +0 whip of holy wrath (weapon)
   (You found it on level 1 of the Dungeon)
Armour
 a - a +0 robe (worn)
Scrolls
 d - a scroll of fear {unknown}
 e - a scroll of identify {unknown}
Potions
 f - a potion of degeneration {unknown}
 g - a potion of curing {unknown}
Comestibles
 c - 3 rations


   Skills:
 - Level 1.5 Dodging
 - Level 2.4 Stealth
 + Level 2.4 Spellcasting
 + Level 4.1 Ice Magic


You had 3 spell levels left.
You knew the following spells:

 Your Spells              Type           Power        Failure   Level  Hunger
a - Freeze                Ice            ##..         3%          1    #......

Your spell library contained the following spells:

 Spells                   Type           Power        Failure   Level  Hunger
 Frozen Ramparts          Ice            ##....       12%         3    ###....
 Ozocubu's Armour         Chrm/Ice       #.......     26%         3    ###....
 Hailstorm                Conj/Ice       #.......     65%         4    #####..
 Summon Ice Beast         Ice/Summ       #.......     65%         4    #####..


Dungeon Overview and Level Annotations

Branches:
Dungeon (1/15)

Altars:


Innate Abilities, Weirdness & Mutations

You have extremely sharp teeth.
When hurt, damage is shared between your health and your magic reserves.
Your bite disrupts and absorbs the magic of your enemies.
Potions cannot restore your health.
You are immune to rotting.


Message History

Aim: a kobold (moderately wounded)
You freeze the kobold.
You kill the kobold!
A rat comes into view.
Found a grey potion.
You see here a kobold corpse.
The rat closely misses you.
You hit the rat.
The rat is heavily wounded.
The rat barely misses you.
You barely miss the rat. You bite the rat.
You kill the rat!
You see here a rat corpse.
There is a stone staircase leading down here.
A leopard gecko comes into view.
The leopard gecko hisses angrily.
Found a robe.
You see here a grey potion.
g - a grey potion
Found a spear.
Casting: Freeze (safe; 3% risk of failure)
Confirm with . or Enter, or press ? or * to list all spells.
Aiming: Freeze (safe; 3% risk of failure)
Press: ? - help, Shift-Dir - straight line, f - leopard gecko
Aim: a leopard gecko You freeze the leopard gecko.
The leopard gecko is lightly wounded.
The leopard gecko bites you but does no damage.
The leopard gecko bites you.
Casting: Freeze (safe; 3% risk of failure)
Confirm with . or Enter, or press ? or * to list all spells.
Aiming: Freeze (safe; 3% risk of failure)
Press: ? - help, Shift-Dir - straight line, f/p - leopard gecko
Aim: a leopard gecko (lightly wounded)
You freeze the leopard gecko.
The leopard gecko is moderately wounded.
The leopard gecko bites you.
* * * LOW HITPOINT WARNING * * *
You barely miss the leopard gecko.
The leopard gecko is moderately wounded.
The leopard gecko misses you.
Unknown command.
You closely miss the leopard gecko. Your bite misses the leopard gecko.
The leopard gecko is moderately wounded.
The leopard gecko closely misses you.
Unknown command.
You closely miss the leopard gecko. Your bite misses the leopard gecko.
The leopard gecko is moderately wounded.
The leopard gecko bites you.
You die...

.### ...# ... .. .#[##
...# ... #.##.#..#
.#.##. #.. #.. ..#.##
...##. ##..##.##.....#
...##.# .......#.....#
..###.. #...#.#.....#
...##.# ##..#.......#
... #.#####.....@l....#
..###...†.†..>###.....#
...##..###.#### )....#
.####..#...# .....#
......#..### ######
..[.#...## ...........#
......###### [.....#


You could see a leopard gecko.

Vanquished Creatures
  A goblin (D:1)
  A kobold (D:1)
  3 bats (D:1)
  A rat (D:1)
6 creatures vanquished.

Notes
Turn   | Place    | Note
-------+----------+-------------------------------------------
     0 | D:1      | Flugslaktarn the Vine Stalker Ice Elementalist began the
                  | quest for the Orb.
     0 | D:1      | Reached XP level 1. HP: 9/9 MP: 4/4
   110 | D:1      | Slain by a leopard gecko

Illustrated notes

Levels and vault maps discovered:
D:1:      dpeg_arrival_ternary, layout_rooms

Action                   || total
-------------------------++-------
Melee: Whip              ||     6
       Bite              ||     1
 Cast: Freeze            ||     9
Armor: Robe              ||     1
Dodge: Dodged            ||    12

Table legend:
 A = Non-vault XP
 B = Vault XP
 C = Vault XP percentage of total XP
 D = Non-vault monster count
 E = Vault monster count
 F = Vault count percentage of total count
                 A         B        C        D         E       F
            +---------+---------+-------+---------+---------+-------
      Total |       9 |       0 |   0.0 |       6 |       0 |   0.0
            +---------+---------+-------+---------+---------+-------
        D:1 |       9 |       0 |   0.0 |       6 |       0 |   0.0
            +---------+---------+-------+---------+---------+-------
